 Dungeon Crawl Stone Soup version 0.27-a0-553-ge0ab5a2769 (webtiles) character file.

Game seed: 890729446400273705

28 Chiseanne the Magician (level 3, 24/24 HPs)
             Began as a Demonspawn Hedge Wizard on Mar 8, 2021.
             Quit the game on level 2 of the Dungeon.
             The game lasted 00:01:34 (1185 turns).

Chiseanne the Magician (Demonspawn Hedge Wizard)    Turns: 1185, Time: 00:01:34

Health: 24/24      AC:  2    Str: 10    XL:     3   Next: 0%
Magic:  2/8        EV: 14    Int: 16    God:
Gold:   21         SH:  0    Dex: 12    Spells: 8/9 levels left

rFire    . . .     SeeInvis +   l - +2 dagger (vamp)
rCold    . . .     Faith    .   (no shield)
rNeg     . . .     Spirit   .   b - +0 robe
rPois    .         Reflect  .   c - +0 hat
rElec    .         Harm     .   (no cloak)
rCorr    .         Rampage  .   (no gloves)
Will     .....                  (no boots)
Stlth    ++........             (no amulet)
HPRegen  0.08/turn              k - ring of see invisible
MPRegen  0.11/turn              (no ring)

@: no status effects
A: antennae 1, repulsion field 1
a: no special abilities


You were on level 2 of the Dungeon.
You visited 1 branch of the dungeon, and saw 2 of its levels.

You collected 21 gold pieces.

Inventory:

Hand Weapons
 l - a +2 vampiric dagger (weapon)
 m - a +0 hunting sling of freezing
Missiles
 d - 14 bolts
 f - 24 sling bullets
 g - 55 stones
 j - 2 javelins
Armour
 b - a +0 robe (worn)
 c - a +0 hat (worn)
Jewellery
 k - a ring of see invisible (left hand)
Scrolls
 a - a scroll of amnesia {unknown}
 e - a scroll of identify {unknown}
Potions
 i - a potion of invisibility {unknown}


   Skills:
 - Level 1.7 Dodging
 - Level 1.7 Stealth
 * Level 3.5 Spellcasting
 * Level 2.2 Conjurations
 - Level 1.0 Summonings
 - Level 0.8 Translocations


You had 8 spell levels left.
You knew the following spells:

 Your Spells              Type           Power      Damage    Failure   Level
a - Magic Dart            Conj           36%        1d4       7%          1

Your spell library contained the following spells:

 Spells                   Type           Power      Damage    Failure   Level
 Blink                    Tloc           N/A        N/A       19%         2
 Call Imp                 Summ           6%         N/A       19%         2
 Slow                     Hex            2%         N/A       26%         2
 Conjure Flame            Conj/Fire      6%         6-21      34%         3
 Mephitic Cloud           Conj/Pois/Air  5%         N/A       36%         3


Dungeon Overview and Level Annotations

Branches:
Dungeon (1/15)

Altars:


Innate Abilities, Weirdness & Mutations

You have a pair of small antennae on your head.
You are surrounded by a mild repulsion field. (EV +2)


Message History

You don't have enough magic to cast this spell.
You hit the worm.
You feel better.
The worm is severely wounded.
The worm closely misses you.
You hit the worm.
The worm is severely wounded.
You hit the worm.
The worm is almost dead.
The worm bites you.
You hit the worm.
The worm is almost dead.
You barely miss the worm.
The worm is almost dead.
The worm misses you.
You hit the worm but do no damage.
The worm is almost dead.
The worm barely misses you.
You hit the worm.
You feel better.
The worm is almost dead.
You hit the worm.
You kill the worm!
A hobgoblin comes into view.
The hobgoblin shouts!
A hobgoblin comes into view. It is wielding a +0 club.
The hobgoblin barely misses you.
You hit the hobgoblin.
You feel better.
The hobgoblin is lightly wounded.
The hobgoblin hits you.
You hit the hobgoblin.
You feel better.
The hobgoblin is heavily wounded.
A bat comes into view.
The hobgoblin barely misses you.
The bat moves out of view.
You hit the hobgoblin.
You feel better.
You kill the hobgoblin!
You have reached level 3!
Your experience leads to an increase in your attributes!
Increase (s)trength, (i)ntelligence, or (d)exterity?
You feel clever.
Your demonic ancestry asserts itself...
A pair of antennae grows on your head!
Are you sure you want to abandon this character and quit the game? (Confirm with "yes".)

#########.#.#
#...).......#
#.#######..##
#.# ##†#
#######.## .#
.........# ..
.........#
#.#
.........# .#
.......@.#
#######.##
#(# ... .g.
....# ....#
......


You could see a hobgoblin.

Vanquished Creatures
  A worm (D:2)
  A bat (D:1)
  3 giant cockroaches
  4 goblins
  5 hobgoblins
  2 frilled lizards
  5 kobolds
21 creatures vanquished.

Notes
Turn   | Place    | Note
-------+----------+-------------------------------------------
     0 | D:1      | Chiseanne the Demonspawn Hedge Wizard began the quest for
                  | the Orb.
     0 | D:1      | Reached XP level 1. HP: 13/13 MP: 4/4
     0 | D:1      | Chiseanne: you are a fucking failure in creating a good
                  | game
   616 | D:1      | Gained mutation: You are surrounded by a mild repulsion
                  | field. (EV +2) [demonic ancestry]
   616 | D:1      | Reached XP level 2. HP: 19/19 MP: 1/6
   864 | D:1      | You fall into a shaft and drop 1 floor!
   865 | D:2      | Chiseanne: fuck you
  1185 | D:2      | Gained mutation: You have a pair of small antennae on your
                  | head. [demonic ancestry]
  1185 | D:2      | Reached XP level 3. HP: 24/24 MP: 2/8
  1185 | D:2      | Quit the game

Illustrated notes

Levels and vault maps discovered:
D:1:      amcnicky_arrival_wind_blow, layout_basic,
          chequers_serial_rivers_room_a
D:2:      layout_basic, minmay_quantized

Skill      XL: |  1  2 |
---------------+-------+-----
Conjurations   | 2 |  2.2
Dodging        | |  1.7
Stealth        | |  1.7
Spellcasting   | |  3.5
Summonings     | |  1.0
Translocations | |  0.8

Action                   || total
-------------------------++-------
Melee: Dagger            ||    39
 Cast: Magic Dart        ||    40
Armor: Robe              ||     5
Dodge: Dodged            ||    20

Table legend: (Time is in decaauts)
 A = Elapsed time spent in this place.
 B = Non-inter-level travel time spent in this place.
 C = Inter-level travel time spent in this place.
 D = Time resting spent in this place.
 E = Time spent auto-exploring this place.
 F = Levels seen in this place.
 G = Mean time per level.
                   A        B        C        D        E       F      G
               +--------+--------+--------+--------+--------+-----+--------+
         Total |   1183 |   1183 |      0 |    651 |    402 |   2 |  591.5 |
       Dungeon |   1183 |   1183 |      0 |    651 |    402 |   2 |  591.5 |
               +--------+--------+--------+--------+--------+-----+--------+

Top non-repeatable levels by time:
     D:1: 863 daAuts
     D:2: 319 daAuts
